 Dungeon Crawl Stone Soup version bcrawl-1.18.1 (webtiles) character file.

Game seed: 2891250117519392770

24390 Morbidden the Devastator (level 13, -3/171 HPs)
             Began as an Avariel Conjurer on Nov 9, 2019.
             Was a High Priest of Vehumet.
             Slain by a deep elf knight (6 damage)
             ... on level 12 of the Dungeon.
             The game lasted 00:40:53 (14582 turns).

Morbidden the Devastator (Avariel Conjurer)        Turns: 14582, Time: 00:40:54

Health: -3/171     AC: 26    Str: 15    XL:     13   Next: 12%
Magic:  34/34      EV:  2    Int: 25    God:    Vehumet [*****.]
Gold:   715        SH:  1    Dex: 13    Spells: 38/42 levels left

rFire    . . .     SeeInvis .   B - +0 scimitar (flame)
rCold    . . .     Gourm    .   (no shield)
rNeg     + + +     Faith    +   (armour currently unavailable)
rPois    +         Spirit   .   (helmet currently unavailable)
rElec    .         Reflect  .   (cloak currently unavailable)
rCorr    .         Harm     .   (gloves currently unavailable)
MR       +....     NoTele   +   (boots currently unavailable)
Stlth    ..........             g - amulet of faith
HPRegen  0.38/turn              m - ring of wizardry
MPRegen  0.24/turn              j - +2 ring of intelligence

@: berserking (expiring), tree-form, very quick
A: no striking features
a: Renounce Religion


You were on level 12 of the Dungeon.
You worshipped Vehumet.
Vehumet was extremely pleased with you.
You were very hungry.
You were a tree.
You visited 1 branch of the dungeon, and saw 12 of its levels.
You also visited: Ossuary.

You collected 865 gold pieces.
You spent 150 gold pieces at shops.

Inventory:

Hand Weapons
 s - a +0 short sword
 B - a +0 scimitar of flaming (weapon)
 N - the +5 demon whip "Spellbinder" {antimagic, MR+}
   (You found it on level 11 of the Dungeon)

   It reduces the magical energy of the wielder, and disrupts the spells and
   magical abilities of those hit.
   Natural abilities and divine invocations are not affected.
   It affects your resistance to hostile enchantments.
Missiles
 e - 68 curare-tipped needles
Armour
 v - the +5 scale mail "Fianyuss" (melded) {rN+ rCorr Dex+2}
   (You found it on level 4 of the Dungeon)

   It affects your dexterity (+2).
   It protects you from negative energy.
   It provides partial protection from all sources of acid and corrosion.
 K - a +2 cloak (melded)
 O - a +0 pair of gloves (melded)
Jewellery
 b - an uncursed ring of positive energy
 g - an amulet of faith (around neck)
 j - a +2 ring of intelligence (right branch)
 m - a ring of wizardry (left branch)
 w - an uncursed ring of protection from fire
 D - an uncursed ring of insulation
Wands
 y - a wand of random effects (10)
 E - a wand of iceblast (10)
 H - a wand of clouds (1)
 I - a wand of polymorph (25)
 P - a wand of enslavement (9)
Scrolls
 c - 2 scrolls of fog {unknown}
 h - 3 scrolls of remove curse
 i - a scroll of immolation
 l - 4 scrolls of identify
 p - 3 scrolls of enchant weapon {unknown}
 q - 7 scrolls of teleportation
 r - a scroll of enchant armour {unknown}
 G - a scroll of noise {unknown}
 R - a scroll of amnesia
Potions
 a - 2 potions of mutation {unknown}
 k - a potion of berserk rage
 n - a potion of degeneration {unknown}
 o - a potion of flight
 t - 3 potions of lignification
 u - 2 potions of agility {unknown}
 A - a potion of resistance
 C - a potion of might
 F - a potion of cancellation
 L - a potion of ambrosia
 M - a potion of invisibility {unknown}
Miscellaneous
 J - a lightning rod (4/4)
Comestibles
 d - 21 rations {!d}


   Skills:
 * Level 7.3 Fighting
 + Level 2.8(3.5) Short Blades
 + Level 3.3(3.8) Long Blades
 + Level 5.6 Armour
 + Level 4.6 Dodging
 + Level 3.6 Stealth
 * Level 15.3 Spellcasting
 * Level 16.4 Conjurations


You had 38 spell levels left.
You knew the following spells:

 Your Spells              Type           Power        Failure   Level  Hunger
a - Iskenderun's Mystic   Conj           #######.     0%          3    None
b - Magic Dart            Conj           ####         0%          1    None

Your spell library contained the following spells:

 Spells                   Type           Power        Failure   Level  Hunger
 Bolt of Draining         Conj/Necr      ######....   1%          5    #......
 Searing Ray              Conj           ######       0%          2    None
 Beastly Appendage        Tmut           ###...       1%          1    None
 Poisonous Vapours        Pois/Air       ###...       1%          2    None
 Sticks to Snakes         Tmut           ###.....     1%          2    None
 Conjure Flame            Conj/Fire      ######..     1%          3    None
 Mephitic Cloud           Conj/Pois/Air  #####...     1%          3    None
 Fulminant Prism          Conj/Hex       ######....   1%          4    None
 Irradiate                Conj/Tmut      ######....   1%          5    #......
 Spider Form              Tmut/Pois      ###          3%          3    None
 Ice Form                 Ice/Tmut       ###.....     12%         4    None
 Blade Hands              Tmut           ###.......   30%         5    #......
 Freezing Cloud           Ice/Air        ###.......   83%         6    ####...
 Steam Barrier            Chrm/Fire      ###.......   83%         6    ####...


Dungeon Overview and Level Annotations

Branches:
Dungeon (12/12)            Temple (0/1) D:7            Lair (0/6) D:7
    Orc (0/1) D:11         Depths (0/5) D:12
 Vaults: D:11-12

Altars:
Cheibriados
Hepliaklqana
Kikubaaqudgha
Makhleb
Trog
Vehumet
Xom
Yredelemnul
The Shining One
Jiyva

Shops:
D:7 !   D:9 (

Portals:
Trove: D:10 (give horn of Geryon)

Annotations:
D:4 2 transporters, petermcneter's ghost, novice VSRg
D:8 3 runed translucent doors, yrara's ghost, novice DsFi


Innate Abilities, Weirdness & Mutations

((You can fly continuously.))


Message History

The tengu conjurer claws you but does no damage.
The tengu conjurer blocks your attack.
The tengu conjurer is heavily wounded.
You are feeling very hungry.
The yaktaur hits you but does no damage.
The vault guard hits you with a +1 broad axe.
* * * LOW HITPOINT WARNING * * *
You slash the tengu conjurer! You burn the tengu conjurer.
You kill the tengu conjurer!
Vehumet accepts your kill.
You feel your power returning.
The battlesphere dissipates.
The chaos spawn gores you but does no damage.
The orc knight hits you but does no damage.
The yaktaur hits you but does no damage.
Unknown command.
Unknown command.
You barely miss the deep elf knight.
The deep elf knight unwields a +0 shortbow.
The deep elf knight hits you.
You die...

### #####
≈≈#...#○c4#
≈≈....'.p♣#
≈≈....#oeo#
≈≈### #.pp#
#..3#
#####.[.#
+.......#
+...#...'
+.......#⌠
#####...#


You could see 3 vault guards, an orc knight, a deep elf knight, a yaktaur, a
ynoxinul, a chaos spawn and an orc sorcerer.

Vanquished Creatures
  A hydra (D:11)
  Erica (D:8)
  A two-headed ogre (D:12)
  2 centaur warriors (D:10)
  3 death yaks (D:7)
  A tengu warrior (D:11)
  Pikel (D:3)
  An unseen horror (D:11)
  An orc knight (D:12)
  A cyclops (D:11)
  An orc sorcerer (D:12)
  A deep elf mage (D:11)
  A manticore (D:11)
  An ugly thing (D:7)
  Maurice (D:10)
  Joseph (D:8)
  2 centaur skeletons (D:11)
  A tengu conjurer (D:12)
  2 trolls (D:7)
  Prince Ribbit (D:9)
  A meliai zombie (D:10)
  4 slime creatures (D:11)
  5 hippogriffs
  A wraith (D:11)
  A shadow (D:12)
  A spriggan (shapeshifter) (D:11)
  A human (D:9)
  15 yaks
  4 hogs (D:9)
  Eustachio (D:4)
  2 hungry ghosts
  4 vampire mosquitoes (D:8)
  An acid dragon (D:11)
  Edmund (D:4)
  10 orc warriors
  2 sky beasts (D:6)
  3 necrophages
  2 phantoms
  An ice beast (D:5)
  6 ogres
  6 centaurs
  2 crocodiles
  An elf zombie (D:11)
  8 bullfrogs
  2 big kobolds
  A water moccasin skeleton (D:7)
  4 scorpions
  9 wights
  7 howler monkeys
  4 crimson imps
  9 bullfrog zombies
  4 centaur zombies
  4 hounds
  6 jellies
  17 mummies
  5 human zombies (D:11)
  2 orc priests
  6 orc wizards
  5 iguanas
  8 worker ants
  A killer bee zombie (Ossuary)
  2 hound zombies (Ossuary)
  A hound skeleton (D:9)
  A worker ant zombie (Ossuary)
  11 adders
  2 shadow imps
  3 oozes
  An adder skeleton (D:6)
  An adder zombie (Ossuary)
  4 worms
  4 dart slugs
  3 leopard geckos
  34 orcs
  A ball python (D:2)
  2 bats (D:1)
  A giant cockroach (D:1)
  8 hobgoblins
  6 jackals
  6 quokkas
  2 frilled lizards
  7 goblins
  A jackal skeleton (D:7)
  17 kobolds
  4 rats
324 creatures vanquished.

Vanquished Creatures (others)
  A slave (D:7)
1 creature vanquished.

Grand Total: 325 creatures vanquished

Notes
Turn   | Place    | Note
-------+----------+-------------------------------------------
     0 | D:1      | Morbidden the Avariel Conjurer began the quest for the Orb.
     0 | D:1      | Reached XP level 1. HP: 10/10 MP: 6/6
   195 | D:1      | Reached XP level 2. HP: 15/15 MP: 3/7
   385 | D:1      | Reached skill level 6 in Conjurations
   500 | D:1      | Reached XP level 3. HP: 19/19 MP: 3/9
   796 | D:2      | Reached XP level 4. HP: 24/24 MP: 0/10
  1515 | D:2      | Reached skill level 7 in Conjurations
  1799 | D:3      | Reached skill level 1 in Fighting
  1804 | D:3      | Learned a level 3 spell: Iskenderun's Mystic Blast
  1996 | D:3      | Reached XP level 5. HP: 23/29 MP: 7/12
  2897 | D:4      | Noticed Eustachio
  3007 | D:4      | Noticed a slave
  3008 | D:4      | Noticed a slave
  3009 | D:4      | Noticed Pikel
  3147 | D:4      | Noticed a slave
  3181 | D:4      | Noticed a slave
  3290 | D:4      | Got a warped scale mail
  3338 | D:4      | Killed Eustachio
  3338 | D:4      | Reached skill level 5 in Spellcasting
  3338 | D:4      | Reached XP level 6. HP: 35/35 MP: 1/15
  3468 | D:4      | Reached skill level 8 in Conjurations
  3774 | D:4      | Reached XP level 7. HP: 39/39 MP: 14/17
  3819 | D:3      | Killed Pikel
  3819 | D:3      | Reached skill level 9 in Conjurations
  3819 | D:3      | Reached XP level 8. HP: 8/45 MP: 11/20
  4286 | D:4      | Noticed Edmund
  4290 | D:4      | Killed Edmund
  4371 | D:4      | Found a transporter.
  4371 | D:4      | Noticed petermcneter's ghost (novice VSRg)
  4387 | D:4      | Found a transporter.
  4588 | D:5      | Entered Level 5 of the Dungeon
  4614 | D:5      | Identified the +5 scale mail "Fianyuss" {rN+ rCorr Dex+2}
                  | (You found it on level 4 of the Dungeon)
  4706 | D:5      | Reached skill level 10 in Conjurations
  4870 | D:5      | Found a sand-covered staircase.
  4876 | Ossuary  | Entered an ossuary
  4938 | Ossuary  | Gained mutation: You can fly continuously. [Avariel growth]
  4938 | Ossuary  | Reached XP level 9. HP: 17/50 MP: 2/23
  5413 | Ossuary  | Reached skill level 11 in Conjurations
  6129 | D:5      | Found a radiant altar of Vehumet.
  6136 | D:5      | Found a basalt altar of Yredelemnul.
  6143 | D:5      | Found a glowing golden altar of the Shining One.
  6154 | D:5      | Became a worshipper of Vehumet
  6164 | D:5      | Found a burning altar of Makhleb.
  6171 | D:5      | Found a snail-covered altar of Cheibriados.
  6176 | D:5      | Found an ancient bone altar of Kikubaaqudgha.
  6186 | D:5      | Found a bloodstained altar of Trog.
  6389 | D:6      | Reached skill level 1 in Armour
  6758 | D:6      | Reached skill level 10 in Spellcasting
  7374 | D:7      | Noticed a troll
  7377 | D:7      | Reached * piety under Vehumet
  7377 | D:7      | Offered knowledge of Shock by Vehumet.
  7380 | D:7      | Killed a troll
  7380 | D:7      | Reached skill level 12 in Conjurations
  7380 | D:7      | Reached XP level 10. HP: 58/58 MP: 8/26
  7383 | D:7      | Noticed a red ugly thing
  7907 | D:7      | Reached skill level 5 in Fighting
  7907 | D:7      | Noticed a death yak
  8087 | D:7      | Found a staircase to the Lair.
  8132 | D:7      | Killed a red ugly thing
  8132 | D:7      | Reached ** piety under Vehumet
  8132 | D:7      | Offered knowledge of Sting by Vehumet.
  8133 | D:7      | Noticed a death yak
  8175 | D:7      | Found Sipseuze's Distillery.
  8181 | D:7      | Bought 2 potions of heal wounds for 150 gold pieces
  8297 | D:7      | Found a staircase to the Ecumenical Temple.
  8303 | D:7      | Noticed a death yak
  8307 | D:7      | Reached skill level 1 in Short Blades
  8307 | D:7      | Reached skill level 13 in Conjurations
  8595 | D:7      | Killed a death yak
  8671 | D:7      | Killed a death yak
  8671 | D:7      | Reached XP level 11. HP: 64/64 MP: 16/29
  8943 | D:7      | Found a hazy altar of Hepliaklqana.
  8944 | D:7      | Found a shimmering altar of Xom.
  9018 | D:7      | Killed a death yak
  9134 | D:8      | Noticed Erica
  9148 | D:8      | Killed Erica
  9585 | D:8      | Reached skill level 14 in Conjurations
  9694 | D:8      | Offered knowledge of Dazzling Spray by Vehumet.
  9731 | D:8      | Found a runed translucent gate.
  9732 | D:8      | Found a runed translucent gate.
  9732 | D:8      | Found a runed translucent gate.
  9734 | D:8      | Noticed yrara's ghost (novice DsFi)
 10002 | D:8      | Noticed Joseph
 10004 | D:8      | Reached *** piety under Vehumet
 10008 | D:8      | Killed Joseph
 10366 | D:8      | Found a viscous altar of Jiyva.
 10524 | D:9      | Got a wizard robe
 10610 | D:9      | Noticed Prince Ribbit
 10613 | D:9      | Killed Prince Ribbit
 10747 | D:9      | Offered knowledge of Stone Arrow by Vehumet.
 10978 | D:9      | Found Viaklusei's Antique Weapon Shop.
 11393 | D:10     | Entered Level 10 of the Dungeon
 11397 | D:10     | Noticed a centaur warrior
 11407 | D:10     | Killed a centaur warrior
 11407 | D:10     | Reached skill level 1 in Long Blades
 11407 | D:10     | Reached XP level 12. HP: 62/71 MP: 26/31
 11424 | D:10     | Reached skill level 15 in Conjurations
 11502 | D:10     | Noticed a centaur warrior
 11527 | D:10     | Found the +2 cloak of the Thief {+Fog Slay-2 SInv Stlth+}
 11531 | D:10     | Identified the cursed +0 robe of Qeusiv {MR+} (You found it
                  | on level 9 of the Dungeon)
 11692 | D:10     | Reached **** piety under Vehumet
 11844 | D:10     | Killed a centaur warrior
 12137 | D:10     | Noticed Maurice
 12144 | D:10     | Killed Maurice
 12144 | D:10     | Offered knowledge of Sticky Flame by Vehumet.
 12292 | D:10     | Found a portal to a secret trove of treasure.
 12970 | D:11     | Noticed a seven-headed hydra
 13004 | D:11     | Killed a seven-headed hydra
 13004 | D:11     | Reached skill level 5 in Armour
 13445 | D:11     | Found the +5 demon whip "Spellbinder" {antimagic, MR+}
 13524 | D:11     | Found a staircase to the Orcish Mines.
 13859 | D:11     | Noticed a tengu warrior
 13864 | D:11     | Killed a tengu warrior
 13864 | D:11     | Reached skill level 15 in Spellcasting
 13864 | D:11     | Reached skill level 16 in Conjurations
 14092 | D:11     | Reached ***** piety under Vehumet
 14095 | D:11     | Offered knowledge of Bolt of Draining by Vehumet.
 14235 | D:11     | Found an ancient bone altar of Kikubaaqudgha.
 14414 | D:12     | Entered Level 12 of the Dungeon
 14435 | D:12     | Reached XP level 13. HP: 69/76 MP: 10/34
 14448 | D:12     | Found a staircase to the Depths.
 14448 | D:12     | Noticed a dire elephant
 14537 | D:12     | Paralysed by an orc sorcerer for 4 turns
 14561 | D:12     | Noticed a vault guard
 14562 | D:12     | Noticed a vault guard
 14565 | D:12     | Noticed a vault guard
 14579 | D:12     | HP: 7/171 [chaos spawn[an orc sorcerer] (5)]
 14580 | D:12     | HP: 3/171 [vault guard/+1 broad axe (5)]
 14582 | D:12     | Slain by a deep elf knight

Skill      XL: |  1  2  3  4  5  6  7  8  9 10 11 12 |
---------------+-------------------------------------+-----
Conjurations   | 6 7 8 9 10 12 13 14 16 | 16.4
Spellcasting   | 3 5 7 8 10 12 13 15 | 15.3
Fighting       | 1 2 3 4 5 6 7 |  7.3
Dodging        | 3 4 |  4.6
Armour         | 2 4 5 |  5.6
Stealth        | 3 |  3.6
Short Blades   | 2 |  2.8
Long Blades    | 1 3 |  3.3

Action                   |  1- 3 |  4- 6 |  7- 9 | 10-12 | 13-15 || total
-------------------------+-------+-------+-------+-------+-------++-------
Melee: Dagger            |       |     1 |       |       |       ||     1
       Short sword       |       |       |    33 |    15 |       ||    48
       Scimitar          |       |       |       |    48 |    24 ||    72
 Cast: Magic Dart        |    37 |   138 |   146 |     2 |       ||   323
       Iskenderun's Myst |       |     9 |    82 |   345 |    15 ||   451
 Abil: Fly               |       |       |     1 |       |       ||     1
Evoke: Wand              |       |       |       |     1 |     2 ||     3
  Use: Scroll            |       |     3 |     9 |     7 |     5 ||    24
       Potion            |       |       |     7 |     1 |    12 ||    20
  Eat: Chunk             |       |     9 |     6 |    18 |       ||    33
       Ration            |       |       |     1 |     1 |       ||     2
Armor: Robe              |     1 |     2 |       |       |       ||     3
       Scale mail        |       |       |    45 |    86 |    31 ||   162
       Skin              |       |       |       |       |    59 ||    59
Dodge: Dodged            |     1 |    23 |    72 |    65 |    45 ||   206
Block: Other             |       |       |       |       |     3 ||     3
